Map: [ESL] Gresvan

Players

Serral - Winner!

  • Race: Zerg Zerg
  • Spawn Location: 5:00

Mixu

  • Race: Zerg Zerg
  • League: Grandmaster
  • Spawn Location: 11:00

Event: HomeStory Cup XXIII

VOD

Have the link to the VOD?

Description

Time

  • Played on: July 1, 2023, 11:23 a.m.
  • Length: 9:16

All games in this series

Show
View Real Time Build Order
Export as new Build Order

Serral Zerg - Winner!

Build Orders: Hatch First, Zergling Baneling 

Get SALT Encoding   

  12  0:00  Drone  
  13  0:11  Overlord  
  13  0:16  Drone  
  14  0:30  Drone x2  
  16  0:48  Hatchery  
  15  0:50  Drone  
  15  0:54  Drone  
  17  0:58  Drone  
  18  1:08  Extractor  
  17  1:12  Spawning Pool  
  17  1:15  Drone  
  17  1:19  Drone  
  18  1:27  Drone  
  19  1:38  Drone  
  20  1:48  Drone  
  21  1:59  Queen x2  
  21  2:01  Zergling x2  
  26  2:02  Overlord  
  26  2:08  Metabolic Boost  
  26  2:10  Drone x2  
  28  2:21  Zergling x2  
  30  2:22  Drone  
  30  2:33  Hatchery  
  29  2:37  Drone  
  29  2:38  Drone  
  29  2:43  Zergling x2  
  32  2:47  Baneling Nest  
  32  2:49  Zergling x2  
  32  2:55  Overlord  
  32  2:57  Zergling x2  
  34  3:05  Drone x2  
  34  3:10  Drone  
  36  3:13  Zergling x8  
  36  3:14  Zergling x2  
  40  3:22  Drone, Overlord  
  41  3:28  Queen  
  43  3:41  Baneling  
  43  3:44  Zergling x12  
  49  3:48  Overlord  
  49  3:51  Baneling x2  
  49  3:53  Drone  
  49  3:54  Drone  
  45  3:58  Zergling x2  
  45  3:59  Baneling  
  45  4:00  Baneling  
  45  4:01  Overlord  
  46  4:04  Zergling x2  
  44  4:11  Drone x2, Baneling  
  44  4:12  Drone  
  44  4:15  Drone x2  
  49  4:20  Drone x3  
  52  4:26  Baneling x2  
  52  4:30  Extractor  
  52  4:31  Zergling x2  
  52  4:33  Roach Warren  
  52  4:38  Queen  
  51  4:44  Drone x4  
  57  4:48  Drone  
  57  4:51  Baneling  
  57  4:53  Drone  
  57  5:00  Baneling  
  57  5:01  Baneling x2  
  57  5:06  Drone x3  
  60  5:08  Overlord  
  60  5:14  Roach x2  
  58  5:18  Overlord  
  58  5:21  Drone  
  58  5:25  Drone  
  58  5:26  Drone x2  
  59  5:30  Roach x2  
  59  5:32  Drone  
  59  5:34  Drone  
  65  5:39  Drone x3  
  65  5:40  Drone  
  69  5:46  Drone x4  
  73  5:54  Roach x3  
  73  5:55  Extractor  
  77  5:59  Drone x3  
  77  6:00  Drone  
  81  6:05  Lair  
  81  6:07  Extractor, Overlord  
  81  6:08  Evolution Chamber  
  81  6:09  Overlord  
  79  6:13  Drone x2  
  79  6:15  Overlord  
  80  6:25  Drone  
  81  6:29  Roach  
  81  6:32  Drone x3  
  86  6:33  Hatchery  
  86  6:34  Zerg Missile Weapons Level 1, Drone x2  
  86  6:38  Drone x4  
  91  6:41  Drone x2  
  91  6:44  Drone x2  
  91  6:46  Overlord  
  95  6:50  Extractor, Overlord  
  95  6:51  Extractor  
  95  6:52  Drone x3  
  94  6:57  Roach x2  
  98  7:01  Glial Reconstitution  
  98  7:04  Spire, Overseer  
  98  7:07  Pneumatized Carapace  
  97  7:10  Roach x2  
  101  7:17  Roach x3  
  101  7:18  Overlord x2  
  107  7:24  Roach x4  
  107  7:29  Roach x3  
  121  7:33  Drone x2  
  121  7:34  Drone x2  
  121  7:36  Overlord  
  118  7:40  Overlord  
  118  7:44  Drone  
  118  7:45  Drone x2  
  118  7:46  Roach x2  
  125  7:53  Overlord  
  125  7:54  Roach x4  
  132  8:15  Queen  
  132  8:16  Mutalisk x6  
  132  8:19  Roach x3  
  152  8:25  Overlord x4  
  152  8:32  Roach  
  152  8:33  Roach x2  
  158  8:38  Roach x3  
  164  8:42  Extractor  
  164  8:44  Overlord x3  
  163  8:50  Roach x3  
  163  8:53  Roach x2  
  163  8:54  Roach  
Show
View Real Time Build Order
Export as new Build Order

Mixu Zerg 

Build Orders: Hatch First, Zergling Baneling 

Get SALT Encoding   

  12  0:00  Drone  
  13  0:12  Overlord  
  13  0:16  Drone  
  14  0:30  Drone x2  
  16  0:48  Hatchery  
  15  0:51  Drone  
  15  0:54  Drone  
  17  0:57  Drone  
  18  1:09  Extractor  
  17  1:12  Spawning Pool  
  17  1:16  Drone  
  17  1:19  Drone  
  18  1:28  Drone  
  19  1:39  Drone  
  20  1:53  Drone  
  21  1:59  Queen x2  
  21  2:00  Zergling x2  
  21  2:01  Overlord  
  26  2:09  Metabolic Boost  
  26  2:11  Zergling x4  
  28  2:21  Drone  
  28  2:22  Drone  
  30  2:33  Hatchery  
  29  2:41  Drone, Baneling Nest  
  30  2:44  Drone  
  30  2:48  Zergling x2  
  30  2:49  Zergling x2  
  32  2:53  Zergling x2  
  32  2:56  Overlord  
  33  3:05  Zergling x4  
  34  3:10  Zergling x2  
  35  3:16  Zergling x8  
  39  3:20  Zergling x4  
  41  3:29  Zergling x2  
  41  3:31  Queen  
  41  3:33  Baneling x2  
  43  3:40  Zergling x2  
  44  3:44  Overlord  
  44  3:49  Baneling x2  
  44  3:55  Drone x2  
  38  3:57  Zergling x8  
  38  3:59  Zergling x2  
  42  4:03  Drone  
  39  4:11  Zergling x4  
  39  4:12  Zergling x4  
  39  4:15  Drone x2  
  44  4:21  Drone x2  
  46  4:26  Drone, Baneling  
  46  4:27  Evolution Chamber, Baneling  
  46  4:34  Zergling x6  
  46  4:36  Baneling  
  49  4:41  Overlord  
  49  4:42  Drone  
  48  4:47  Overlord  
  48  4:49  Baneling x2  
  48  4:50  Zergling x2  
  48  4:51  Zergling x2  
  45  4:59  Drone x4  
  45  5:05  Drone x2  
  47  5:08  Drone x2  
  48  5:18  Drone x2  
  48  5:19  Drone x3  
  52  5:23  Drone x2  
  52  5:26  Drone x2  
  55  5:28  Drone  
  55  5:32  Baneling x2  
  55  5:34  Drone  
  55  5:35  Drone  
  58  5:38  Drone x3  
  58  5:40  Overlord  
  61  5:48  Zergling x10  
  65  5:50  Spine Crawler  
  65  5:53  Overlord  
  65  5:56  Zergling x2  
  65  6:00  Drone x4  
  65  6:01  Zerg Missile Weapons Level 1  
  65  6:03  Overlord  
  70  6:05  Drone x3  
  73  6:12  Drone  
  73  6:13  Drone  
  73  6:14  Drone x5  
  77  6:20  Drone x2  
  77  6:21  Extractor  
  77  6:23  Extractor  
  77  6:25  Extractor x2, Drone x2  
  76  6:26  Roach Warren  
  76  6:29  Drone  
  77  6:38  Extractor  
  76  6:45  Lair  
  76  6:46  Drone x2  
  77  6:51  Drone  
  77  6:52  Drone x3, Overlord  
  80  6:58  Drone  
  80  6:59  Drone x2  
  80  7:00  Spine Crawler  
  81  7:05  Overlord  
  81  7:06  Roach x4  
  89  7:10  Baneling x2  
  89  7:13  Roach x4  
  97  7:19  Hatchery, Overlord x2  
  96  7:24  Roach x5  
  96  7:29  Roach  
  105  7:37  Roach  
  106  7:39  Overlord  
  106  7:42  Glial Reconstitution  
  106  7:43  Roach x4, Nydus Network  
  113  7:48  Queen, Overlord  
  113  7:51  Roach x2  
  119  7:54  Roach  
  122  8:00  Roach x4  
  122  8:02  Overlord  
  122  8:03  Nydus Network  
  122  8:04  Overseer  
  129  8:10  Roach x2  
  129  8:11  Roach x2  
  134  8:17  Roach  
  136  8:20  Overlord x3  
  136  8:22  Roach  
  136  8:24  Ravager x3  
  136  8:25  Roach  
  143  8:30  Roach  
  143  8:32  Roach x3  
  151  8:39  Roach x4  
  159  8:44  Nydus Canal  
  159  8:45  Roach x2  
  163  8:49  Overlord  
  163  8:51  Roach x2  
  167  9:00  Nydus Canal  
Tags
 
Add a new tag
Caveats
  • Supply blocks, unpowered buildings, or Contaminate may cause inaccurate times.
  • Supply counts are checked every 10 seconds.